 Dungeon Crawl Stone Soup version 0.31.0-10-gcf4a605ca0 (webtiles) character file.

Game seed: 7122868008829959270

142 Arcadio the Ruffian (level 5, 0/42 HPs)
             Began as a Draconian Shapeshifter on Jan 25, 2024.
             Slain by an adder (1 damage)
             ... on level 2 of the Dungeon.
             The game lasted 00:03:12 (2154 turns).

Arcadio the Ruffian (Draconian Shapeshifter)        Turns: 2154, Time: 00:03:13

Health: 0/42       AC:  5    Str: 18    XL:     5   Next: 3%
Magic:  5/5        EV: 12    Int: 11    God:
Gold:   161        SH:  0    Dex: 10    Spells: 4/4 levels left

rFire   . .          .
                       - Unarmed
rCold   . . .        (no shield)
rNeg    . . .        (body armour unavailable)
rPois   .            (helmet currently unavailable)
rElec   .            (cloak currently unavailable)
rCorr   .            (gloves currently unavailable)
SInv    .            (boots currently unavailable)
Will    .....        (no amulet)
Stlth   +            (no ring)
HPRegen 0.27/turn    (no ring)
MPRegen 0.09/turn

%: no passive effects
@: lethally poisoned (0 -> -3), beast-form
A: beast (slay +2), AC +5, unfitting armour, cold-blooded
a: Begin Untransformation


You were on level 2 of the Dungeon.
You were a hulking beast.
You visited 1 branch of the dungeon, and saw 3 of its levels.

You collected 161 gold pieces.

Inventory:

Armour
 f - a +0 pair of boots
 i - a +0 pair of gloves
Jewellery
 j - a ring of fire
 q - a ring of fire
Talismans
 b - a beast talisman
 c - a flux talisman
 e - a blade talisman
Scrolls
 d - a scroll of revelation {unknown}
 g - a scroll of fog {unknown}
 h - a scroll of noise {unknown}
 k - a scroll of vulnerability {unknown}
 l - a scroll of enchant armour {unknown}
 o - 2 scrolls of identify {unknown}
 p - a scroll of fear {unknown}
 r - 2 scrolls of teleportation {unknown}
 s - a scroll of acquirement {unknown}
Potions
 a - a potion of lignification
 m - a potion of invisibility {unknown}
 n - a potion of cancellation
 t - a potion of resistance {unknown}
 u - a potion of degeneration {unknown}


   Skills:
 + Level 2.7 Fighting
 + Level 2.8 Dodging
 + Level 3.8 Unarmed Combat
 + Level 3.7 Shapeshifting


You had 4 spell levels left.
You didn't know any spells.
Your spell library contained the following spells:

 Spells                   Type           Power      Damage    Failure   Level
 Foxfire                  Conj/Fire      0%         2x1d4     34%         1
 Kiss of Death            Conj/Necr      0%         2d5       34%         1
 Summon Small Mammal      Summ           0%         N/A       34%         1


Dungeon Overview and Level Annotations

Branches:
Dungeon (3/15)

Altars:
Ru
Xom

Shops:
D:2 (


Innate Abilities, Weirdness & Mutations

You are a hulking beast.
Your limbs bulge with bestial killing power. (Slay +2)
Your plain brown scales are hard. (AC +5)
You cannot fit into any form of body armour.
You are cold-blooded and may be slowed by cold attacks.


Message History

The puff of flame hits you. The orc closely misses you.
The adder barely misses you.
You hit the orc wizard.
You kill the orc wizard!
You feel sick. The adder bites you. The orc hits you but does no damage.
You have reached level 5!
You feel sick. The orc barely misses you.
Items here: $ ) [ †.
You feel sick. The adder attacks as it pursues you!
The adder barely misses you.
An orc comes into view. It is wielding a +0 flail.
You feel sick. The orc attacks as it pursues you! The orc barely misses you.
The adder attacks as it pursues you! The adder barely misses you.
You feel sick. The adder closely misses you.
You feel sick. The adder bites you but does no damage.
You feel sick.
You are no longer poisoned.
The adder attacks as it pursues you! The adder barely misses you. x2
The adder attacks as it pursues you! The adder bites you but does no damage.
The adder attacks as it pursues you! The adder closely misses you.
The adder bites you but does no damage.
There is a stone staircase leading up here.
The adder closely misses you. x2
You climb upwards.
There is a stone staircase leading down here.
You barely miss the adder. You tail-slap the adder.
The adder is heavily wounded.
The adder bites you.
* * * LOW HITPOINT WARNING * * *
You are lethally poisoned!
The adder poisons you!
You hit the adder.
The adder is severely wounded.
* * * LOW HITPOINT WARNING * * *
You feel sick. The adder bites you.
* * * LOW HITPOINT WARNING * * *
It was a potion of cancellation.
You feel magically purged.
* * * LOW HITPOINT WARNING * * *
You feel sick. The adder bites you.
You die...

#.## #.### #.....
#..##
#...######.....
##..#####
###.#..........
##.....#
#.'......†...
#####.##
###.......... #..##
#.+..........
##..####.#..........
##S##..............
#h...#.###########
###.##.##########
#.......##....#
####.##.##.##.#
#...†##.##.#
###..##.##.#
#.....##.#
##.#####.# #.......#


You could see an adder.

Vanquished Creatures
  A bombardier beetle (D:3)
  An orc wizard (D:3)
  2 adders
  2 ribbon worms (D:2)
  3 dart slugs
  An orc (D:3)
  A ball python (D:2)
  3 endoplasms
  A giant cockroach (D:1)
  3 goblins
  4 hobgoblins
  7 jackals (D:1)
  4 quokkas
  4 bats
  5 frilled lizards
  4 kobolds
  6 rats
52 creatures vanquished.

Notes
Turn   | Place    | Note
-------+----------+-------------------------------------------
     0 | D:1      | Arcadio the Draconian Shapeshifter began the quest for the
                  | Orb.
     0 | D:1      | Reached XP level 1. HP: 16/16 MP: 1/1
    97 | D:1      | Got Spellcasting for Novices
   436 | D:1      | Reached XP level 2. HP: 23/23 MP: 2/2
   896 | D:1      | Reached XP level 3. HP: 29/29 MP: 3/3
  1698 | D:2      | Found Ejuit's Weapon Shop.
  1834 | D:3      | Reached XP level 4. HP: 34/36 MP: 4/4
  1862 | D:3      | Found a sacrificial altar of Ru.
  1862 | D:3      | Found a shimmering altar of Xom.
  2138 | D:3      | Reached XP level 5. HP: 10/42 MP: 5/5
  2153 | D:2      | HP: 2/42 [adder (1)]
  2154 | D:2      | Slain by an adder

Illustrated notes

Levels and vault maps discovered:
D:1:      matt_arrival_spirals, layout_basic
D:2:      layout_basic, serial_shops, nicolae_shop_peninsula
D:3:      minmay_chambers_of_twos, layout_loops_ring,
          grunt_temple_overflow_lords_of_destruction, general_overflow_altar,
          grunt_temple_overflow_open

Skill      XL: |  1  2  3 |
---------------+----------+-----
Dodging        | 2 |  2.8
Fighting       | 2 |  2.7
Unarmed Combat | |  3.8
Shapeshifting  | |  3.7

Action                     |  1- 3 |  4- 6 || total
---------------------------+-------+-------++-------
  Melee: Unarmed           |   125 |    51 ||   176
         Tailslap          |    13 |     7 ||    20
         Punch             |     2 |     1 ||     3
    Use: Potion            |       |     1 ||     1
 Armour: Skin              |    54 |    37 ||    91
  Dodge: Dodged            |    61 |    58 ||   119
